 Dungeon Crawl Stone Soup version 0.28-a0-1236-gb25a51b929 (webtiles) character file.

Game seed: 1046250353713988579

5573 bmb222 the Grappler (level 10, -8/94 HPs)
             Began as a Troll Chaos Knight on Dec 26, 2021.
             Was a Plaything of Xom.
             Mangled by an orc knight (45 damage)
             ... in a bailey.
             The game lasted 00:17:53 (6986 turns).

bmb222 the Grappler (Troll Chaos Knight)            Turns: 6986, Time: 00:17:54

Health: -8/94      AC:  8    Str: 22    XL:     10   Next: 44%
Magic:  0/9        EV: 13    Int:  6    God:    Xom [..*...]
Gold:   515        SH:  0    Dex: 21    Spells: 9/9 levels left

rFire   . . .      SeeInvis .     - Unarmed
rCold   . . .      Faith    .   (no shield)
rNeg    . . .      Spirit   +   D - +0 acid dragon scales
rPois   +          Reflect  .   (helmet restricted)
rElec   .          Harm     .   (no cloak)
rCorr   +          Rampage  .   (gloves unavailable)
Will    .....                   (boots unavailable)
Stlth   ++........              j - amulet of guardian spirit
HPRegen 1.05/turn               e - +6 ring of dexterity
MPRegen 0.11/turn               E - +6 ring of dexterity

@: no status effects
A: large, unfitting armour, claws 3, regeneration 1, shaggy fur 1, tough skin 1,
dopey 1, poison resistance, weak 2
a: Renounce Religion


You were in a bailey.
You worshipped Xom.
You were a toy of Xom.
You visited 1 branch of the dungeon, and saw 9 of its levels.
You also visited: Ossuary and Bailey.

You collected 515 gold pieces.

Inventory:

Armour
 a - a +2 robe
 z - +0 steam dragon scales
 D - +0 acid dragon scales (worn)
Jewellery
 e - a +6 ring of dexterity (left claw)
 j - an amulet of guardian spirit (around neck)
 t - a ring of protection from cold
 v - a ring of protection from cold
 E - a +6 ring of dexterity (right claw)
Wands
 m - a wand of iceblast (22)
 n - a wand of flame (66)
 o - a wand of acid (3)
 y - a wand of charming (30)
Scrolls
 b - a scroll of amnesia
 c - 3 scrolls of noise {unknown}
 d - a scroll of fog {unknown}
 g - 3 scrolls of silence {unknown}
 h - 8 scrolls of identify {unknown}
 p - a scroll of vulnerability {unknown}
 r - a scroll of blinking {unknown}
 u - a scroll of enchant weapon {unknown}
 w - a scroll of magic mapping {unknown}
 A - a scroll of enchant armour {unknown}
 B - a scroll of fear {unknown}
 F - 2 scrolls of immolation {unknown}
Potions
 f - 2 potions of lignification
 i - a potion of brilliance {unknown}
 k - 2 potions of attraction {unknown}
 l - a potion of magic {unknown}
 q - a potion of mutation {unknown}
 s - a potion of ambrosia
 x - a potion of heal wounds
 C - a potion of invisibility {unknown}


   Skills:
 + Level 4.8 Fighting
 + Level 3.2 Armour
 + Level 6.1 Dodging
 - Level 2.4 Stealth
 + Level 12.0 Unarmed Combat
 * Level 0.8 Evocations


You had 9 spell levels left.
You didn't know any spells.
Your spell library contained the following spells:

 Spells                   Type           Power      Damage    Failure   Level
 Blink                    Tloc           0%         N/A       67%         2
 Corpse Rot               Necr/Air       0%         N/A       67%         2
 Gell's Gravitas          Tloc           0%         N/A       88%         3
 Lesser Beckoning         Tloc           0%         N/A       88%         3
 Teleport Other           Tloc           0%         N/A       88%         3
 Dispel Undead            Necr           0%         3d6       99%         4
 Manifold Assault         Tloc           0%         N/A       100%        5
 Death Channel            Necr           0%         N/A       100%        6
 Dispersal                Tloc           0%         N/A       100%        6


Dungeon Overview and Level Annotations

Branches:
Dungeon (9/15)             Temple (0/1) D:5         Ossuary (visited)
 Bailey (1/1)
   Lair: D:8-11         Orc: D:9-12

Altars:
Hepliaklqana
Qazlal
Sif Muna
Wu Jian

Shops:
D:4 [**(


Innate Abilities, Weirdness & Mutations

You are too large for most types of armour.
You have claws for hands.
Your natural rate of healing is unusually fast.
You are covered in fur. (AC +1)
You have tough skin. (AC +1)
You are dopey. (Int -2)
Your system is resistant to poisons. (rPois)
You are very weak. (Str -4)


Message History

The orc knight seems to be corroded for longer.
The orc knight is severely wounded.
The orc knight hits you from afar with a +0 glaive!!
Aiming: Corrosive Bolt
Press: ? - help, Shift-Dir - straight line, f/p - orc knight
Aim: an orc knight, wielding a +0 glaive and wearing a +0 chain mail (severely wounded, strong, covered in acid, 68% to hit)
The bolt of acid hits the orc knight!
The orc knight seems to be corroded for longer.
The orc knight is almost dead.
The orc knight hits you from afar with a +0 glaive!!
Aiming: Corrosive Bolt
Press: ? - help, Shift-Dir - straight line, f/p - orc knight
Aim: an orc knight, wielding a +0 glaive and wearing a +0 chain mail (almost dead, strong, covered in acid, 68% to hit)
The bolt of acid hits the orc knight!
The orc knight seems to be corroded for longer.
You kill the orc knight!
The orc knight barely misses you.
Your Armour skill increases to level 3!
Your Unarmed Combat skill increases to level 12!
Aiming: Corrosive Bolt
Press: ? - help, Shift-Dir - straight line, f - orc knight
Aim: an orc knight, wielding a +0 glaive and wearing a +0 plate armour (black smoke, strong, 71% to hit)
The bolt of acid hits the orc knight.
The acid corrodes the orc knight!
The orc knight is lightly wounded.
The orc knight misses you.
Aiming: Corrosive Bolt
Press: ? - help, Shift-Dir - straight line, f/p - orc knight
Aim: an orc knight, wielding a +0 glaive and wearing a +0 plate armour (lightly wounded, strong, covered in acid, 71% to hit)
The bolt of acid hits the orc knight!
The orc knight is moderately wounded.
The orc knight closely misses you.
Aiming: Corrosive Bolt
Press: ? - help, Shift-Dir - straight line, f/p - orc knight
Aim: an orc knight, wielding a +0 glaive and wearing a +0 plate armour (black smoke, moderately wounded, strong, covered in acid, 71% to hit)
The bolt of acid hits the orc knight!
The orc knight seems to be corroded for longer.
The orc knight is moderately wounded.
The orc knight hits you from afar with a +0 glaive!!!
You die...
Xom guffaws!

#### ##########.≈.# #.$$
§.......##.....##)≈.# ##
≈≈≈§≈≈≈..+#...##..≈.# .##
§.....≈≈..##.##..≈≈.# ..#
...⌠...§≈..#+#..≈≈.## ..#
§.⌠∩⌠.o§§..# #..≈≈.∩# .##
§...)o≈≈..# ##..≈≈.# ##
§≈≈§≈§§§.# ##..≈.# # .......@#
##.≈.#
############'###'#########.≈.#
........##.... ##).........≈.#
≈≈≈≈≈≈≈..##.∩.##..≈≈≈≈≈≈≈≈≈≈.#
......≈≈..## ##..≈≈..........#
#####..≈≈..###..≈≈..##########
##..≈≈.....≈≈..##
##..≈≈≈≈≈≈≈..## ##.........##


You could see an orc knight (strong, corroded) and an orc warrior (strong).

Vanquished Creatures
  An orc knight (Bailey)
  An ugly thing (D:9)
  Joseph (D:7)
  Maggie (D:7)
  2 wraiths (Ossuary)
  3 wyverns (D:9)
  Menkaure (D:7)
  2 steam dragons
  A water moccasin (D:7)
  Duvessa (D:5)
  3 orc warriors
  A black bear (D:5)
  2 ogres
  2 kobold brigands (D:9)
  Blork the orc (D:5)
  2 bullfrogs
  A scorpion (D:5)
  A water moccasin zombie (D:5)
  Dowan (D:5)
  A water moccasin skeleton (D:4)
  3 killer bees (D:9)
  8 wights
  2 howler monkeys
  4 centaur zombies
  A bullfrog zombie (D:7)
  2 orc priests
  A jelly (D:2)
  5 orc wizards
  10 gnolls
  A howler monkey skeleton (D:5)
  5 adders
  A shadow imp (D:5)
  4 white imps
  2 worms
  3 dart slugs
  28 orcs
  4 endoplasms (D:1)
  2 giant cockroaches
  5 goblins
  7 hobgoblins
  13 kobolds
  A quokka (D:4)
  6 ball pythons
  3 ball python skeletons (Ossuary)
  6 bats
  5 frilled lizards
  A hobgoblin zombie (Ossuary)
  A kobold zombie (Ossuary)
  2 orc skeletons (Ossuary)
  An orc zombie (Ossuary)
  8 rats
174 creatures vanquished.

Vanquished Creatures (collateral kills)
  2 water moccasins (D:6)
  A bullfrog (D:6)
  A kobold brigand (D:6)
  A gnoll sergeant (D:6)
  3 gnolls (D:6)
8 creatures vanquished.

Vanquished Creatures (others)
  An ogre (D:6)
  A bullfrog skeleton (D:6)
2 creatures vanquished.

Grand Total: 184 creatures vanquished

Notes
Turn   | Place    | Note
-------+----------+-------------------------------------------
     0 | D:1      | bmb222 the Troll Chaos Knight began the quest for the Orb.
     0 | D:1      | Reached XP level 1. HP: 22/22 MP: 0/0
    27 | D:1      | XOM: potion effect (berserk rage)
    93 | D:1      | Reached XP level 2. HP: 29/29 MP: 1/1
   378 | D:1      | XOM: smoke on damage
   455 | D:1      | Reached XP level 3. HP: 36/36 MP: 2/2
   455 | D:1      | XOM: silly message
   482 | D:1      | Found a faded altar of an unknown god.
   906 | D:2      | Reached skill level 4 in Unarmed Combat
  1003 | D:2      | Reached XP level 4. HP: 44/45 MP: 3/3
  1045 | D:2      | XOM: divination: detect creatures
  1097 | D:2      | XOM is BORED!
  1097 | D:2      | XOM: noise
  1307 | D:3      | XOM: cloud trail
  1454 | D:3      | XOM is BORED!
  1454 | D:3      | XOM: silly message
  1995 | D:3      | XOM is BORED!
  1995 | D:3      | XOM: silly message
  2017 | D:3      | XOM: divination: detect creatures
  2080 | D:4      | Found Zyir's Armour Emporium.
  2121 | D:4      | Reached XP level 5. HP: 53/53 MP: 4/4
  2142 | D:4      | Found a sand-covered staircase.
  2147 | Ossuary  | Entered an ossuary
  2223 | Ossuary  | Reached skill level 5 in Unarmed Combat
  2256 | Ossuary  | Noticed a flying skull
  2256 | Ossuary  | Noticed a wraith
  2263 | Ossuary  | Noticed a flying skull
  2289 | Ossuary  | Noticed a flying skull
  2346 | Ossuary  | Noticed a flying skull
  2347 | Ossuary  | Noticed a flying skull
  2355 | Ossuary  | Noticed a wraith
  2357 | Ossuary  | XOM: cleaving
  2386 | Ossuary  | Killed a wraith
  2387 | Ossuary  | Reached XP level 6. HP: 43/61 MP: 5/5
  2411 | Ossuary  | Noticed a wraith
  2423 | Ossuary  | Killed a wraith
  2424 | Ossuary  | Reached skill level 1 in Stealth
  2424 | Ossuary  | Reached skill level 6 in Unarmed Combat
  2424 | Ossuary  | Reached XP level 7. HP: 47/67 MP: 6/6
  2581 | D:4      | Found a stormy altar of Qazlal.
  2828 | D:4      | Found Oraenish's Weapon Boutique.
  2869 | D:4      | XOM: scenery: summon butterflies
  2879 | D:4      | Reached skill level 7 in Unarmed Combat
  2893 | D:4      | Found Unuiddio's General Store.
  3030 | D:4      | XOM: cloud trail
  3169 | D:4      | Found Natiplor's General Store.
  3279 | D:5      | Entered Level 5 of the Dungeon
  3311 | D:5      | Reached XP level 8. HP: 59/76 MP: 7/7
  3361 | D:5      | XOM: divination: detect items
  3378 | D:5      | Found a staircase to the Ecumenical Temple.
  3591 | D:5      | Reached skill level 8 in Unarmed Combat
  3630 | D:5      | XOM: give mutations
  3630 | D:5      | Gained mutation: You are weak. (Str -2) [Xom's mischief]
  3630 | D:5      | Gained mutation: You are frail. (-10% HP) [Xom's mischief]
  3630 | D:5      | Gained mutation: You are very weak. (Str -4) [Xom's
                  | mischief]
  3630 | D:5      | Gained mutation: You are dopey. (Int -2) [Xom's mischief]
  3720 | D:5      | Noticed Duvessa
  3720 | D:5      | Noticed Dowan
  3733 | D:5      | XOM: cast spell 'Alistair's Intoxication'
  3739 | D:5      | Killed Duvessa
  3775 | D:5      | Killed Dowan
  3829 | D:5      | Noticed Blork the orc
  3835 | D:5      | Killed Blork the orc
  4042 | D:6      | XOM: summons friendly shadow imp
  4047 | D:6      | XOM: divine lightning
  4408 | D:6      | Reached skill level 9 in Unarmed Combat
  4414 | D:6      | XOM: give mutations
  4414 | D:6      | Lost mutation: You are frail. (-10% HP) [Xom's mischief]
  4414 | D:6      | Gained mutation: Your system is resistant to poisons.
                  | (rPois) [Xom's mischief]
  4484 | D:6      | Reached skill level 5 in Dodging
  4484 | D:6      | Reached XP level 9. HP: 34/84 MP: 3/8
  4706 | D:6      | XOM: divination: magic mapping
  4718 | D:6      | XOM: 1-stop teleportation journey
  4788 | D:6      | XOM: silly message
  4797 | D:6      | Found a faded altar of an unknown god.
  4798 | D:6      | Found a hazy altar of Hepliaklqana.
  4805 | D:6      | XOM: silly message
  4812 | D:6      | XOM: silly message
  4858 | D:7      | Noticed Maggie
  4868 | D:7      | XOM: divination: magic mapping
  4869 | D:7      | XOM: potion effect (heal wounds)
  4876 | D:7      | Killed Maggie
  4877 | D:7      | Reached skill level 10 in Unarmed Combat
  4970 | D:7      | Noticed Menkaure
  4976 | D:7      | Killed Menkaure
  5070 | D:7      | XOM: silly message
  5196 | D:7      | Noticed Joseph
  5200 | D:7      | XOM: potion effect (brilliance)
  5211 | D:7      | Killed Joseph
  5212 | D:7      | Reached skill level 1 in Armour
  5392 | D:7      | Found a shimmering blue altar of Sif Muna.
  5482 | D:8      | XOM: potion effect (curing)
  5572 | D:8      | XOM: silly message
  5616 | D:8      | Reached skill level 11 in Unarmed Combat
  5677 | D:8      | XOM: silly message
  6077 | D:8      | Found an ornate altar of the Wu Jian Council.
  6182 | D:9      | Reached XP level 10. HP: 83/94 MP: 7/9
  6210 | D:9      | XOM: silly message
  6228 | D:9      | XOM: silly message
  6278 | D:9      | XOM: silly message
  6292 | D:9      | XOM is BORED!
  6292 | D:9      | XOM: noise
  6485 | D:9      | Noticed a white ugly thing
  6489 | D:9      | XOM: enchant monster (good)
  6493 | D:9      | Killed a white ugly thing
  6672 | D:9      | Found a flagged portal.
  6691 | Bailey   | Entered a bailey
  6756 | Bailey   | XOM: confuse monster(s)
  6797 | Bailey   | XOM: noise
  6902 | Bailey   | Noticed an orc knight
  6902 | Bailey   | Noticed an orc knight
  6904 | Bailey   | XOM: cast spell 'Necromutation'
  6907 | Bailey   | XOM: noise
  6983 | Bailey   | Killed an orc knight
  6984 | Bailey   | Reached skill level 12 in Unarmed Combat
  6986 | Bailey   | Mangled by an orc knight

Illustrated notes

Levels and vault maps discovered:
D:1:      roderic_octagonal_star, layout_basic,
          shapermc_ecumenical_altar_notcrosses, minmay_misc_feat_alley
D:2:      layout_rooms
D:3:      layout_basic
D:4:      layout_loops_ring, nicolae_qazlal_scattered_showers, serial_shops,
          nicolae_shop_bloodbath_and_beyond, nicolae_lakefront_shop,
          nicolae_diamond_shop, kennysheep_little_box, enter_ossuary_2
D:5:      layout_cave_pools, minmay_temple_entry_mini_moons, uniq_duvessa,
          uniq_blork_the_orc
D:6:      layout_loops_ring, beargit_hepliaklqana_dungeon_heroes
D:7:      layout_rooms, lemuel_tele_altar, sigmund_army, uniq_joseph,
          uniq_menkaure, uniq_maggie
D:8:      layout_rooms, pdpol_wu_jian_five_deadly_venoms
D:9:      layout_roguey, enter_bailey_7, nicolae_fountain_basement
Bailey:   bailey_polearm_1, bailey

Skill      XL: |  1  2  3  4  5  6  7  8  9 10 |
---------------+-------------------------------+-----
Dodging        | 2 3 4 5 6 |  6.1
Fighting       | 3 4 |  4.8
Unarmed Combat | 4 5 6 7 9 11 12 | 12.0
Stealth        | 1 2 |  2.4
Armour         | 1 3 |  3.2
Evocations     | |  0.8

Action                   |  1- 3 |  4- 6 |  7- 9 | 10-12 || total
-------------------------+-------+-------+-------+-------++-------
Melee: Unarmed           |    77 |   119 |   258 |    65 ||   519
       Punch             |       |     4 |    15 |     4 ||    23
Evoke: Wand              |       |       |     1 |    14 ||    15
  Use: Potion            |       |     7 |     3 |       ||    10
       Scroll            |       |       |     1 |       ||     1
 Stab: Sleeping          |     1 |     2 |     4 |       ||     7
Armor: Robe              |    21 |    44 |    40 |       ||   105
       Steam dragon scal |       |       |     9 |       ||     9
       Acid dragon scale |       |       |    21 |    48 ||    69
       Skin              |       |       |    12 |       ||    12
Dodge: Dodged            |    42 |    63 |   140 |    91 ||   336

Table legend: (Time is in decaauts)
 A = Elapsed time spent in this place.
 B = Non-inter-level travel time spent in this place.
 C = Inter-level travel time spent in this place.
 D = Time resting spent in this place.
 E = Time spent auto-exploring this place.
 F = Levels seen in this place.
 G = Mean time per level.
                   A        B        C        D        E       F      G
               +--------+--------+--------+--------+--------+-----+--------+
         Total |   6952 |   6731 |    221 |    477 |   4359 |  11 |  632.0 |
       Dungeon |   6235 |   6014 |    221 |    399 |   4055 |   9 |  692.8 |
       Ossuary |    427 |    427 |      0 |      0 |    234 |   1 |  427.0 |
        Bailey |    290 |    290 |      0 |     78 |     70 |   1 |  290.0 |
               +--------+--------+--------+--------+--------+-----+--------+

Top non-repeatable levels by time:
     D:4: 856 daAuts
     D:6: 811 daAuts
     D:1: 807 daAuts
     D:5: 743 daAuts
     D:3: 715 daAuts
     D:8: 695 daAuts
     D:7: 602 daAuts
     D:9: 508 daAuts
     D:2: 493 daAuts
 Ossuary: 427 daAuts
  Bailey: 290 daAuts
